3L
TOLEDO STINGERS @ MONTANA PANDAS
08/30/2039
 
TOP OF THE 1ST
Toledo Stingers batting - Pitching for Montana Pandas : RHP De John Cleland
Pitching: RHP De John Cleland
Batting: RHB Jesús Morán 0-0: SINGLE (Groundball, 56D, EV 98.8 MPH)
Batting: RHB Alfredo Martínez 0-0: SINGLE (Line Drive, 78S, EV 94.4 MPH)
Jesús Morán to second
Batting: LHB Pedro Serano 0-0: Ball
1-0: Ball
2-0: Swinging Strike
2-1: Foul Ball, location: 2F
2-2: SINGLE (Line Drive, 3D, EV 95.0 MPH)
Jesús Morán to third
Alfredo Martínez to second
Batting: RHB Brook Linen 0-0: Called Strike
0-1: Fly out, F5 (Popup, 5SF, EV 67.5 MPH)
Batting: LHB Dan Hines 0-0: Fly out, F8 (Flyball, 8LM, EV 79.4 MPH)
Batting: LHB Joe Clark 0-0: Ball
1-0: Foul Ball, location: 2F
1-1: Swinging Strike
1-2: Ball
2-2: Ball
3-2: Foul Ball, location: 2F
3-2: Foul Ball, location: 2F
3-2: Strikes out swinging
Top of the 1st over - 0 runs, 3 hits, 0 errors, 3 left on base; Toledo 0 - Montana 0
BOTTOM OF THE 1ST
Montana Pandas batting - Pitching for Toledo Stingers : RHP Juan Parales
Pitching: RHP Juan Parales
Batting: RHB Urs van Munster 0-0: Called Strike
0-1: Ball
1-1: Fly out, F9 (Line Drive, 9D, EV 85.0 MPH)
Batting: SHB Tom Dickinson 0-0: Swinging Strike
0-1: SINGLE (Line Drive, 56, EV 102.5 MPH)
Batting: LHB Javier Sánchez 0-0: Ball
Wild Pitch!
Tom Dickinson to second
1-0: Ball
2-0: Ground out 4-3 (Groundball, 4, EV 103.1 MPH)
Tom Dickinson to third
Batting: LHB DeMarvion Overshown 0-0: Called Strike
0-1: Ball
1-1: Swinging Strike
1-2: Foul Ball, location: 2F
1-2: Ball
2-2: Foul Ball, location: 2F
2-2: 2-RUN HOME RUN (Flyball, 9D, EV 103.8 MPH), Distance : 363 ft
Batting: RHB Wilbur Davis 0-0: Foul Ball, location: 2F
0-1: Ball
1-1: Foul Ball, location: 2F
1-2: Foul Ball, location: 2F
1-2: Foul Ball, location: 2F
1-2: Ball
2-2: Ball
3-2: Fly out, F9 (Flyball, 9, EV 78.8 MPH)
Bottom of the 1st over - 2 runs, 2 hits, 0 errors, 0 left on base; Toledo 0 - Montana 2
TOP OF THE 2ND
Toledo Stingers batting - Pitching for Montana Pandas : RHP De John Cleland
Batting: RHB Sze Qi 0-0: Ball
1-0: Called Strike
1-1: Ball
2-1: Foul Ball, location: 2F
2-2: Ball
3-2: Base on Balls
Batting: LHB Snow Wang 0-0: Ball
1-0: SINGLE (Groundball, 34D, EV 105.0 MPH)
Sze Qi to second
Runner from 2nd tries for 3rd, OUT! 9-5
Batting: RHB Álex Maroto 0-0: Ball
1-0: Called Strike
1-1: Ball
2-1: Called Strike
2-2: Fly out, F7 (Flyball, 7, EV 85.0 MPH)
Batting: RHB Jesús Morán 0-0: Ball
Wild Pitch!
Snow Wang to second
1-0: Ball
2-0: Ball
3-0: Called Strike
3-1: Foul Ball, location: 2F
3-2: Base on Balls
Batting: RHB Alfredo Martínez 0-0: Ball
1-0: Ball
2-0: Ball
3-0: Called Strike
3-1: 3-RUN HOME RUN (Flyball, 7D, EV 100.0 MPH), Distance : 403 ft
Batting: LHB Pedro Serano 0-0: Ground out 4-3 (Groundball, 4, EV 86.2 MPH)
Top of the 2nd over - 3 runs, 2 hits, 0 errors, 0 left on base; Toledo 3 - Montana 2
BOTTOM OF THE 2ND
Montana Pandas batting - Pitching for Toledo Stingers : RHP Juan Parales
Batting: RHB Edgar Baeza 0-0: SOLO HOME RUN (Line Drive, 7LD, EV 108.8 MPH), Distance : 349 ft
Batting: RHB Juanito González 0-0: Called Strike
0-1: Fly out, F5 (Popup, 5L, EV 63.8 MPH)
Batting: RHB Panas Pletnev 0-0: Called Strike
0-1: Ground out 4-3 (Groundball, 34, EV 106.2 MPH)
Batting: LHB Yin-reng Hsueh 0-0: Ball
1-0: Foul Ball, location: 2F
1-1: DOUBLE (Line Drive, 9LS, EV 98.8 MPH)
Batting: RHB Urs van Munster 0-0: Ball
1-0: Ball
2-0: Ball
3-0: Called Strike
3-1: Base on Balls
Batting: SHB Tom Dickinson 0-0: Foul Ball, location: 2F
0-1: Ball
1-1: DOUBLE (Line Drive, 9LM, EV 110.6 MPH)
Yin-reng Hsueh scores
Urs van Munster to third
Runner from 3rd tries for Home, SAFE, throw by RF to home
Batting: LHB Javier Sánchez 0-0: Ball
1-0: Called Strike
1-1: Swinging Strike
1-2: Foul Ball, location: 2F
1-2: Ball
2-2: SINGLE (Line Drive, 56, EV 101.2 MPH)
Tom Dickinson to third
Runner from 3rd tries for Home, SAFE, throw by LF to home
Pitching: RHP Jay Mahabir
Batting: LHB DeMarvion Overshown 0-0: Ball
Wild Pitch!
Javier Sánchez to second
1-0: Called Strike
1-1: Ball
2-1: 2-RUN HOME RUN (Line Drive, 78XD, EV 103.1 MPH), Distance : 384 ft
Batting: RHB Wilbur Davis 0-0: Ball
1-0: Ball
2-0: Ball
3-0: Base on Balls
Batting: RHB Edgar Baeza 0-0: Foul Ball, location: 2F
0-1: Swinging Strike
0-2: Ball
1-2: Strikes out swinging
Bottom of the 2nd over - 6 runs, 5 hits, 0 errors, 1 left on base; Toledo 3 - Montana 8
TOP OF THE 3RD
Toledo Stingers batting - Pitching for Montana Pandas : RHP De John Cleland
Batting: RHB Brook Linen 0-0: Swinging Strike
0-1: SOLO HOME RUN (Flyball, 89XD, EV 103.1 MPH), Distance : 399 ft
Batting: LHB Dan Hines 0-0: Called Strike
0-1: Ball
1-1: Foul Ball, location: 2F
1-2: Ball
2-2: Foul Ball, location: 2F
2-2: Strikes out looking
Batting: LHB Joe Clark 0-0: Ball
1-0: Foul Ball, location: 2F
1-1: Called Strike
1-2: Strikes out swinging
Batting: RHB Sze Qi 0-0: Called Strike
0-1: Ball
1-1: Ball
2-1: SINGLE (Line Drive, 56D, EV 93.8 MPH)
Batting: LHB Snow Wang 0-0: Called Strike
0-1: Called Strike
Sze Qi steals 2nd base
0-2: Ball
1-2: SINGLE (Line Drive, 6M, EV 96.2 MPH)
Sze Qi to third
Runner from 3rd tries for Home, SAFE, no throw by CF
Pitching: RHP Lester Roadley
Batting: RHB Álex Maroto 0-0: Called Strike
0-1: Ball
1-1: Foul Ball, location: 2F
1-2: Fielders Choice at 2nd, U4 (Groundball, 4M, EV 86.2 MPH)
Top of the 3rd over - 2 runs, 3 hits, 0 errors, 1 left on base; Toledo 5 - Montana 8
BOTTOM OF THE 3RD
Montana Pandas batting - Pitching for Toledo Stingers : RHP Jay Mahabir
Batting: RHB Juanito González 0-0: Ball
1-0: Ball
2-0: Called Strike
2-1: Called Strike
2-2: Fly out, F7 (Flyball, 7S, EV 89.4 MPH)
Batting: RHB Panas Pletnev 0-0: Ball
1-0: Called Strike
1-1: Ground out 5-3 (Groundball, 56, EV 81.2 MPH)
Batting: LHB Yin-reng Hsueh 0-0: Ball
1-0: Ball
2-0: Ball
3-0: Base on Balls
Batting: RHB Urs van Munster 0-0: Foul Ball, location: 2F
0-1: Ball
1-1: Called Strike
1-2: Strikes out swinging
Bottom of the 3rd over - 0 runs, 0 hits, 0 errors, 1 left on base; Toledo 5 - Montana 8
TOP OF THE 4TH
Toledo Stingers batting - Pitching for Montana Pandas : RHP Lester Roadley
Batting: RHB Jesús Morán 0-0: Foul Ball, location: 2F
0-1: Ball
1-1: Ball
2-1: Foul Ball, location: 2F
2-2: Ball
3-2: Base on Balls
Batting: RHB Alfredo Martínez 0-0: SINGLE (Flyball, 89S, EV 91.2 MPH)
Jesús Morán to second
Batting: LHB Pedro Serano 0-0: Ball
1-0: Ball
2-0: Called Strike
2-1: Fly out, F8 (Flyball, 78D, EV 102.5 MPH)
Batting: RHB Brook Linen 0-0: Called Strike
0-1: Ball
Jesús Morán is caught stealing 3rd base 2-5
Alfredo Martínez to second
1-1: Ball
2-1: SINGLE (Groundball, 4D, EV 95.0 MPH)
Alfredo Martínez to third
Runner from 3rd tries for Home, SAFE, no throw by RF
Batting: LHB Dan Hines 0-0: Ball
Brook Linen steals 2nd base
1-0: Called Strike
1-1: Ball
2-1: Ball
3-1: Called Strike
3-2: Fly out, F8 (Flyball, 78D, EV 96.2 MPH)
Top of the 4th over - 1 run, 2 hits, 0 errors, 1 left on base; Toledo 6 - Montana 8
BOTTOM OF THE 4TH
Montana Pandas batting - Pitching for Toledo Stingers : RHP Jay Mahabir
Batting: SHB Tom Dickinson 0-0: Ground out 4-3 (Groundball, 4MD, EV 88.8 MPH)
Batting: LHB Javier Sánchez 0-0: Called Strike
0-1: Called Strike
0-2: Ball
1-2: Ball
2-2: Strikes out swinging
Batting: LHB DeMarvion Overshown 0-0: Fly out, F7 (Flyball, 7LD, EV 103.1 MPH)
Bottom of the 4th over - 0 runs, 0 hits, 0 errors, 0 left on base; Toledo 6 - Montana 8
TOP OF THE 5TH
Toledo Stingers batting - Pitching for Montana Pandas : RHP Lester Roadley
Batting: LHB Joe Clark 0-0: Called Strike
0-1: Ball
1-1: Fly out, F7 (Flyball, 78D, EV 104.4 MPH)
Batting: RHB Sze Qi 0-0: Called Strike
0-1: Bunt for hit to 25 - play at first, batter OUT! 5-3
Batting: LHB Snow Wang 0-0: Ball
1-0: SINGLE (Line Drive, 9S, EV 86.9 MPH)
Batting: RHB Álex Maroto 0-0: Swinging Strike
0-1: Ball
1-1: Foul Ball, location: 2F
1-2: Strikes out swinging
Top of the 5th over - 0 runs, 1 hit, 0 errors, 1 left on base; Toledo 6 - Montana 8
BOTTOM OF THE 5TH
Montana Pandas batting - Pitching for Toledo Stingers : RHP Jay Mahabir
Batting: RHB Wilbur Davis 0-0: Ball
1-0: Ground out 5-3 (Groundball, 5, EV 86.2 MPH)
Batting: RHB Edgar Baeza 0-0: Ball
1-0: Foul Ball, location: 2F
1-1: Foul Ball, location: 2F
1-2: Foul Ball, location: 2F
1-2: Ball
2-2: Ball
3-2: Base on Balls
Batting: RHB Juanito González 0-0: Ball
1-0: Called Strike
1-1: Ball
2-1: Ball
3-1: Foul Ball, location: 2F
3-2: Fly out, F8 (Flyball, 8RD, EV 87.5 MPH)
Batting: RHB Panas Pletnev 0-0: Ball
1-0: Foul Ball, location: 2F
1-1: Ball
2-1: Ball
3-1: Base on Balls
Edgar Baeza to second
Batting: LHB Yin-reng Hsueh 0-0: Ball
Wild Pitch!
Edgar Baeza to third
Panas Pletnev to second
1-0: Ball
2-0: Foul Ball, location: 2F
2-1: Ball
3-1: Foul Ball, location: 2F
3-2: Foul Ball, location: 2F
3-2: Base on Balls
Pitching: RHP Jude Cordingley
Batting: RHB Urs van Munster 0-0: Ball
1-0: Foul Ball, location: 2F
1-1: Ball
2-1: Called Strike
2-2: Foul Ball, location: 2F
2-2: Foul Ball, location: 2F
2-2: Foul Ball, location: 2F
2-2: Ball
3-2: Strikes out looking
Bottom of the 5th over - 0 runs, 0 hits, 0 errors, 3 left on base; Toledo 6 - Montana 8
TOP OF THE 6TH
Toledo Stingers batting - Pitching for Montana Pandas : RHP Lester Roadley
Batting: RHB Jesús Morán 0-0: Ball
1-0: Called Strike
1-1: Ball
2-1: Called Strike
2-2: Foul Ball, location: 2F
2-2: Ball
3-2: Foul Ball, location: 2F
3-2: Foul Ball, location: 2F
3-2: Fly out, F9 (Flyball, 9LSF, EV 89.4 MPH)
Batting: RHB Alfredo Martínez 0-0: Ball
1-0: Ground out 4-3 (Groundball, 4, EV 98.1 MPH)
Pitching: LHP Ricky McCauley
Batting: LHB Pedro Serano 0-0: Ball
1-0: Swinging Strike
1-1: Foul Ball, location: 2F
1-2: SINGLE (Line Drive, 6D, EV 105.0 MPH)
Batting: RHB Brook Linen 0-0: Foul Ball, location: 2F
0-1: Fly out, F8 (Flyball, 89D, EV 91.9 MPH)
Top of the 6th over - 0 runs, 1 hit, 0 errors, 1 left on base; Toledo 6 - Montana 8
BOTTOM OF THE 6TH
Montana Pandas batting - Pitching for Toledo Stingers : RHP Jude Cordingley
Batting: SHB Tom Dickinson 0-0: Ball
1-0: SINGLE (Groundball, 5D, EV 97.5 MPH)
Batting: LHB Javier Sánchez 0-0: Ball
1-0: Ball
2-0: SINGLE (Flyball, 7LS, EV 93.1 MPH)
Tom Dickinson to second
Batting: LHB DeMarvion Overshown 0-0: Ball
1-0: Ball
2-0: Ball
3-0: Base on Balls
Tom Dickinson to third
Javier Sánchez to second
Batting: RHB Wilbur Davis 0-0: Called Strike
0-1: Foul Ball, location: 2F
0-2: Grounds into fielders choice 4-2 (Groundball, 4, EV 103.1 MPH)
Javier Sánchez to third
DeMarvion Overshown to second
Batting: RHB Edgar Baeza 0-0: Ball
1-0: Hit by Pitch
Javier Sánchez scores
DeMarvion Overshown to third
Wilbur Davis to second
Batting: RHB Juanito González 0-0: Ball
1-0: Ball
2-0: SINGLE (Groundball, 56, EV 97.5 MPH)
DeMarvion Overshown scores
Wilbur Davis to third
Edgar Baeza to second
Batting: RHB Panas Pletnev 0-0: Ball
1-0: Called Strike
1-1: Foul Ball, location: 2F
1-2: Fly out, F9 (Flyball, 9LDF, EV 105.0 MPH)
Runner from 3rd tags up, SCORES, no throw by RF
Batting: LHB Yin-reng Hsueh 0-0: Swinging Strike
0-1: Called Strike
0-2: Strikes out swinging
Bottom of the 6th over - 3 runs, 3 hits, 0 errors, 2 left on base; Toledo 6 - Montana 11
TOP OF THE 7TH
Toledo Stingers batting - Pitching for Montana Pandas : LHP Ricky McCauley
Batting: LHB Dan Hines 0-0: Ball
1-0: Ball
2-0: Ball
3-0: Called Strike
3-1: DOUBLE (Groundball, 3L, EV 102.5 MPH) - OUT at third base trying to stretch hit.
Batting: LHB Joe Clark 0-0: Foul Ball, location: 2F
0-1: Foul Ball, location: 2F
0-2: Strikes out swinging
Batting: RHB Sze Qi 0-0: Called Strike
0-1: Ball
1-1: DOUBLE (Line Drive, 9LS, EV 92.5 MPH)
Batting: LHB Snow Wang 0-0: Ball
1-0: Foul Ball, location: 2F
1-1: Foul Ball, location: 2F
1-2: DOUBLE (Line Drive, 9LM, EV 105.6 MPH)
Sze Qi scores
Batting: RHB Álex Maroto 0-0: Foul Ball, location: 2F
0-1: Foul Ball, location: 2F
0-2: Ball
1-2: Ball
2-2: Strikes out swinging
Top of the 7th over - 1 run, 3 hits, 0 errors, 1 left on base; Toledo 7 - Montana 11
BOTTOM OF THE 7TH
Montana Pandas batting - Pitching for Toledo Stingers : RHP Jude Cordingley
Pitching: RHP Shawn Stevenson
Batting: RHB Urs van Munster 0-0: Called Strike
0-1: Ball
1-1: SINGLE (Groundball, 6D, EV 103.8 MPH)
Batting: SHB Tom Dickinson 0-0: Foul Ball, location: 2F
0-1: Ball
1-1: Ball
2-1: Ball
3-1: Base on Balls
Urs van Munster to second
Batting: LHB Javier Sánchez 0-0: Ball
1-0: Fly out, F2 (Popup, 25F, EV 87.5 MPH)
Batting: LHB DeMarvion Overshown 0-0: Called Strike
0-1: Ball
1-1: Ball
2-1: Foul Ball, location: 2F
2-2: Strikes out swinging
Batting: RHB Wilbur Davis 0-0: Ball
1-0: Ball
2-0: Called Strike
2-1: Ball
3-1: Foul Ball, location: 2F
3-2: Foul Ball, location: 2F
3-2: SINGLE (Groundball, 5D, EV 103.1 MPH)
Urs van Munster to third
Tom Dickinson to second
Urs van Munster scores
Tom Dickinson to third
Batting: RHB Edgar Baeza 0-0: Foul Ball, location: 2F
0-1: Ball
1-1: Ball
2-1: Foul Ball, location: 2F
2-2: Foul Ball, location: 2F
2-2: Foul Ball, location: 2F
2-2: Ball
3-2: Foul Ball, location: 2F
3-2: Strikes out swinging
Bottom of the 7th over - 1 run, 2 hits, 0 errors, 2 left on base; Toledo 7 - Montana 12
TOP OF THE 8TH
Toledo Stingers batting - Pitching for Montana Pandas : LHP Ricky McCauley
Batting: RHB Jesús Morán 0-0: Ball
1-0: Ball
2-0: Called Strike
2-1: SINGLE (Line Drive, 7LM, EV 111.2 MPH)
Batting: RHB Alfredo Martínez 0-0: Ball
1-0: Foul Ball, location: 2F
1-1: Foul Ball, location: 2F
1-2: Ball
2-2: Foul Ball, location: 2F
2-2: Foul Ball, location: 2F
2-2: Fly out, F7 (Flyball, 7, EV 94.4 MPH)
Batting: LHB Pedro Serano 0-0: Foul Ball, location: 2F
0-1: Swinging Strike
0-2: Ball
1-2: Ball
2-2: Strikes out swinging
Batting: RHB Brook Linen 0-0: Foul Ball, location: 2F
0-1: Swinging Strike
0-2: Ball
1-2: Foul Ball, location: 2F
1-2: Ball
2-2: Strikes out swinging
Top of the 8th over - 0 runs, 1 hit, 0 errors, 1 left on base; Toledo 7 - Montana 12
BOTTOM OF THE 8TH
Montana Pandas batting - Pitching for Toledo Stingers : RHP Shawn Stevenson
Batting: RHB Juanito González 0-0: Ground out 6-3 (Groundball, 6, EV 83.1 MPH)
Batting: RHB Panas Pletnev 0-0: Swinging Strike
0-1: Ball
1-1: Swinging Strike
1-2: Strikes out swinging
Batting: LHB Yin-reng Hsueh 0-0: Ball
1-0: Ball
2-0: Called Strike
2-1: Ball
3-1: Swinging Strike
3-2: Base on Balls
Batting: RHB Urs van Munster 0-0: Ball
1-0: Called Strike
1-1: Ground out 6-3 (Groundball, 6S, EV 86.9 MPH)
Bottom of the 8th over - 0 runs, 0 hits, 0 errors, 1 left on base; Toledo 7 - Montana 12
TOP OF THE 9TH
Toledo Stingers batting - Pitching for Montana Pandas : LHP Ricky McCauley
Batting: LHB Dan Hines 0-0: Called Strike
0-1: Ball
1-1: Ball
2-1: Ball
3-1: Base on Balls
Pitching: RHP Roberto Silva
Batting: LHB Joe Clark 0-0: Foul Ball, location: 2F
0-1: Ball
1-1: Ball
2-1: Ball
3-1: Base on Balls
Dan Hines to second
Batting: RHB Sze Qi 0-0: Called Strike
0-1: Called Strike
0-2: Foul Ball, location: 2F
0-2: Ball
1-2: Ball
2-2: Strikes out swinging
Batting: LHB Snow Wang 0-0: Ball
1-0: Called Strike
1-1: Foul Ball, location: 2F
1-2: Ball
2-2: Fielders Choice at 2nd, 4-6 (Groundball, 4, EV 104.4 MPH)
Dan Hines to third
Batting: RHB Álex Maroto 0-0: Ball
1-0: Swinging Strike
1-1: Ball
2-1: Foul Ball, location: 2F
2-2: Ball
3-2: Base on Balls
Snow Wang to second
Batting: RHB Jesús Morán 0-0: Called Strike
0-1: Ball
1-1: Ball
2-1: Ball
3-1: Called Strike
3-2: Ground out 4-3 (Groundball, 34, EV 99.4 MPH)
Top of the 9th over - 0 runs, 0 hits, 0 errors, 3 left on base; Toledo 7 - Montana 12
Wednesday, July 8th, 2020 - OOTP Baseball 20.8 Build 74